 Dungeon Crawl Stone Soup version 0.28-a0-474-g535839065c (webtiles) character file.

Game seed: 14100620748742020756

153 omnomnOMINOUS the Sneak (level 5, -8/36 HPs)
             Began as an Octopode Wanderer on Sept 15, 2021.
             Was a Believer of Jiyva.
             Killed from afar by a steam dragon (19 damage)
             ... with a ball of steam
             ... on level 5 of the Dungeon.
             The game lasted 00:05:22 (3637 turns).

omnomnOMINOUS the Sneak (Octopode Wanderer)         Turns: 3637, Time: 00:05:24

Health: -8/36      AC:  4    Str: 18    XL:     5   Next: 35%
Magic:  8/8        EV: 14    Int: 15    God:    Jiyva [**....]
Gold:   66         SH:  5    Dex: 13    Spells: 4/8 levels left

rFire   . . .      SeeInvis .   a - +1 dagger (venom)
rCold   . . .      Faith    .   (no shield)
rNeg    . . .      Spirit   .   (helmet restricted)
rPois   .          Reflect  +   d - amulet of reflection
rElec   .          Harm     .   e - +6 ring of strength
rCorr   .          Rampage  .   (no ring)
Will    .....                   (no ring)
Stlth   +++.......              (no ring)
HPRegen 0.12/turn               (no ring)
MPRegen 0.11/turn               (no ring)
                                (no ring)
                                (no ring)

@: no status effects
A: almost no armour, amphibious, 8 rings, camouflage 1, gelatinous body 1,
(nimble swimmer 1), tentacles, iridescent scales 1, shaggy fur 1, strong 1
a: Renounce Religion, Request Jelly


You were on level 5 of the Dungeon.
You worshipped Jiyva.
Jiyva was pleased with you.
You visited 1 branch of the dungeon, and saw 5 of its levels.

You collected 66 gold pieces.

Inventory:

Hand Weapons
 a - a +1 dagger of venom (weapon)
 b - a +2 dagger
Missiles
 i - 6 curare-tipped darts
Jewellery
 d - an amulet of reflection (around mantle)
 e - a +6 ring of strength (left tentacle)
Scrolls
 c - 2 scrolls of teleportation
 f - a scroll of holy word {unknown}
 g - a scroll of acquirement {unknown}
 h - a scroll of silence {unknown}
 k - 2 scrolls of identify {unknown}
 l - a scroll of blinking


   Skills:
 + Level 3.5 Fighting
 - Level 1.0 Short Blades
 + Level 3.5 Dodging
 - Level 4.0 Stealth
 + Level 2.2 Spellcasting
 * Level 0.0 Summonings
 - Level 3.0 Translocations


You had 4 spell levels left.
You knew the following spells:

 Your Spells              Type           Power      Damage    Failure   Level
a - Pain                  Necr           4%         1d4       22%         1
b - Call Canine Familiar  Summ           1%         N/A       54%         3

Your spell library contained the following spells:

 Spells                   Type           Power      Damage    Failure   Level
 Summon Small Mammal      Summ           4%         N/A       22%         1
 Summon Guardian Golem    Hex/Summ       1%         N/A       54%         3
 Vampiric Draining        Necr           0%         2d6       54%         3


Dungeon Overview and Level Annotations

Branches:
Dungeon (5/15)
 Temple: D:4-7

Altars:
Dithmenos
Ru
Uskayaw
Zin
Jiyva

Shops:
D:2 [


Innate Abilities, Weirdness & Mutations

You cannot wear most types of armour.
You are amphibious.
You can wear up to eight rings at the same time.
Your skin changes colour to match your surroundings (Stealth+).
Your rubbery body absorbs attacks. (AC +1, EV +1)
((You are camouflaged near water. (Stealth+)))
You have tentacles for arms and can constrict up to eight enemies at once.
You are partially covered in iridescent scales. (AC +2)
You are covered in fur. (AC +1)
Your muscles are strong. (Str +2)


Message History

You climb downwards.
There is a stone staircase leading up here.
Unknown command.
A water moccasin comes into view.
The water moccasin hisses angrily.
A water moccasin is nearby!
There is a stone staircase leading up here.
You climb upwards.
There is a stone staircase leading down here.
Unknown command.
This spell is extremely dangerous to cast!
Memorise Call Canine Familiar, consuming 3 spell levels and leaving 4?
You start memorising the spell.
You continue memorising. x3
You finish memorising.
Spell assigned to 'b'.
There is an open door here.
There is an open door here.
There is a stone staircase leading down here.
You climb downwards.
There is a stone staircase leading up here.
The steam dragon hisses angrily.
You hit the steam dragon but do no damage.
The steam dragon is poisoned.
Your squeeze misses the steam dragon. The steam dragon breathes steam at you.
The ball of steam hits you!!
Ouch! That really hurt!
You hear a shout! x5
Unknown command.
The steam dragon barely misses you. The steam dragon claws you.
You hit the steam dragon but do no damage.
The steam dragon looks as sick as possible!
The steam dragon is moderately wounded.
The steam dragon closely misses you. The steam dragon barely misses you.
It was a potion of mutation.
You feel extremely strange.
You feel stronger.
Iridescent scales grow over part of your body.
Fur sprouts all over your body. The steam dragon breathes steam at you.
The ball of steam hits you!!
Ouch! That really hurt!
You die...

.. #. #. #. #.
#### #.#####
#....#.....####.
.......@D.......
........§.......
........§.......
##.####.§..##...
# ###+## ##


You could see a steam dragon (extremely poisoned, catching breath).

Vanquished Creatures
  An orc priest (D:5)
  2 orc wizards
  An adder (D:2)
  2 worms
  3 dart slugs
  6 orcs
  3 ball pythons
  2 endoplasms (D:1)
  2 giant cockroaches
  3 goblins
  7 hobgoblins
  4 quokkas
  4 bats
  3 kobolds
  5 rats
48 creatures vanquished.

Vanquished Creatures (others)
  2 ogres (D:4)
  A water moccasin zombie (D:5)
  3 jellies (D:4)
  A killer bee zombie (D:4)
  A hound skeleton (D:4)
  An adder (D:3)
  An adder skeleton (D:4)
  A worm (D:3)
  An orc (D:4)
  A goblin (D:4)
  2 hobgoblins
  A quokka (D:3)
  2 ball pythons
  20 plants
38 creatures vanquished.

Grand Total: 86 creatures vanquished

Notes
Turn   | Place    | Note
-------+----------+-------------------------------------------
     0 | D:1      | omnomnOMINOUS the Octopode Wanderer began the quest for the
                  | Orb.
     0 | D:1      | omnomnOMINOUS set off with the following items: a +2
                  | dagger, a scroll of blinking, a scroll of teleportation;
                  | and the following spell memorised: Pain; and the following
                  | spells available to memorise: Vampiric Draining
     0 | D:1      | Reached XP level 1. HP: 16/16 MP: 1/1
   249 | D:1      | Reached skill level 1 in Dodging
   416 | D:1      | Found a faded altar of an unknown god.
   420 | D:1      | Reached XP level 2. HP: 21/21 MP: 2/2
   431 | D:1      | Became a worshipper of Jiyva Jizirhal the Shapeless
   431 | D:1      | Reached * piety under Jiyva
  1035 | D:2      | Found Qevulle's Antique Armour Shoppe.
  1071 | D:2      | Found a hide-covered altar of Uskayaw.
  1129 | D:2      | Reached XP level 3. HP: 26/26 MP: 3/3
  1718 | D:3      | Found a shadowy altar of Dithmenos.
  1779 | D:3      | Found a glowing silver altar of Zin.
  2521 | D:4      | Noticed an ogre
  2529 | D:4      | Noticed an ogre
  2570 | D:4      | Reached skill level 1 in Spellcasting
  2570 | D:4      | Reached XP level 4. HP: 13/31 MP: 5/5
  2638 | D:4      | Reached ** piety under Jiyva
  2852 | D:4      | Found a sacrificial altar of Ru.
  2906 | D:4      | Killed an ogre
  3069 | D:4      | Killed an ogre
  3244 | D:5      | Entered Level 5 of the Dungeon
  3250 | D:5      | Reached XP level 5. HP: 36/36 MP: 7/7
  3559 | D:5      | Noticed a water moccasin
  3567 | D:4      | Learned a level 3 spell: Call Canine Familiar
  3632 | D:5      | Noticed a steam dragon
  3637 | D:5      | Gained mutation: Your muscles are strong. (Str +2) [potion
                  | of mutation]
  3637 | D:5      | Gained mutation: You are partially covered in iridescent
                  | scales. (AC +2) [potion of mutation]
  3637 | D:5      | Gained mutation: You are covered in fur. (AC +1) [potion of
                  | mutation]
  3637 | D:5      | Killed from afar by a steam dragon

Illustrated notes

Levels and vault maps discovered:
D:1:      dpeg_arrival_more_subterranean_lakeside_camping, layout_basic,
          serial_aquarium, aquarium_bridge_long_joined [aquarium_subvault_wall,
          aquarium_subvault_bridge, aquarium_subvault_bridge,
          aquarium_subvault_balcony, aquarium_subvault_wall,
          aquarium_subvault_balcony], aquarium_window_fake,
          aquarium_window_corridor_1, aquarium_window_fake,
          aquarium_window_corner, aquarium_view_2d, aquarium_balcony_double_4,
          hellmonk_ecumenical_altar_arch_garden, chequers_serial_rivers_micro_c,
          hangedman_decor_growths, minmay_heptomino_d4
D:2:      layout_loops_ring, basic_altar, serial_shops, shop_coins,
          palyth_stone_intersect, serial_park_tiny_2
D:3:      layout_loops_ring, nicolae_dithmenos_shadow_blocks, zin_statuary,
          minivault_24, chequers_serial_rivers_large_b, serial_bayou_ford_a
D:4:      layout_gridville, mainiacjoe_overflow_boulevard
D:5:      layout_gridville, minmay_temple_entry_sparse_star, uniq_eustachio

Skill      XL: |  1  2  3  4  5 |
---------------+----------------+-----
Dodging        | 1 2 3 |  3.5
Spellcasting   | 1 2 |  2.2
Fighting       | |  3.5
Short Blades   | |  1.0
Stealth        | |  4.0
Translocations | |  3.0

Action                   |  1- 3 |  4- 6 || total
-------------------------+-------+-------++-------
Melee: Dagger            |    76 |    35 ||   111
       Constrict         |    14 |    11 ||    25
       Tentacles         |    14 |     9 ||    23
  Use: Potion            |     2 |     1 ||     3
       Scroll            |     1 |       ||     1
 Stab: Sleeping          |    12 |     1 ||    13
Armor: Skin              |     7 |     1 ||     8
Dodge: Dodged            |    32 |    22 ||    54
Block: Other             |     6 |     5 ||    11
       Reflection        |     1 |     1 ||     2

Table legend: (Time is in decaauts)
 A = Elapsed time spent in this place.
 B = Non-inter-level travel time spent in this place.
 C = Inter-level travel time spent in this place.
 D = Time resting spent in this place.
 E = Time spent auto-exploring this place.
 F = Levels seen in this place.
 G = Mean time per level.
                   A        B        C        D        E       F      G
               +--------+--------+--------+--------+--------+-----+--------+
         Total |   3630 |   3452 |    178 |    465 |   2578 |   5 |  726.0 |
       Dungeon |   3630 |   3452 |    178 |    465 |   2578 |   5 |  726.0 |
               +--------+--------+--------+--------+--------+-----+--------+

Top non-repeatable levels by time:
     D:1: 1003 daAuts
     D:4: 893 daAuts
     D:3: 821 daAuts
     D:2: 691 daAuts
     D:5: 220 daAuts
